 Dungeon Crawl Stone Soup version 0.16.1 (webtiles) character file.

2016 timbw the Basher (level 8, 0/66 HPs)
             Began as a Demigod Necromancer on Mar 23, 2015.
             Slain by a centaur (4 damage)
             ... on level 6 of the Dungeon.
             The game lasted 00:15:09 (6901 turns).

timbw the Basher (Demigod Necromancer)              Turns: 6901, Time: 00:15:09

Health: 0/66       AC: 12    Str: 11    XL:     8   Next: 72%
Magic:  17/17      EV: 14    Int: 19    God:
Gold:   95         SH:  0    Dex: 20    Spells: 3 memorised, 5 levels left

rFire  . . .     SeeInvis .     f - +2 flail (protect)
rCold  . . .     Clarity  .     s - +0 leather armour
rNeg   . . .     SustAb   +     (no shield)
rPois  +         Gourm    .     (no helmet)
rElec  .         Spirit   .     g - +1 cloak
rCorr  .         Warding  .     y - +1 pair of gloves
rMut   .         Stasis   .     (no boots)
MR     +....                    (no amulet)
Stlth  ++........               E - ring of poison resistance
                                v - ring of protection from magic

@: somewhat resistant to hostile enchantments, unstealthy
A: sustain abilities
a: no special abilities


You were on level 6 of the Dungeon.
You were not hungry.

You visited 1 branch of the dungeon, and saw 6 of its levels.

You collected 203 gold pieces.
You spent 108 gold pieces at shops.

Inventory:

Hand weapons
 f - a +2 flail of protection (weapon)
 j - a +0 morningstar
 l - a +0 mace
 B - a +2 mace of protection
Armour
 a - a +0 robe
 g - a +1 cloak (worn)
 s - a +0 leather armour (worn)
 y - a +1 pair of gloves (worn)
Magical staves
 k - an uncursed staff of death
Jewellery
 v - a ring of protection from magic (left hand)
 E - a ring of poison resistance (right hand)
Magical devices
 x - a wand of cold (8)
 D - a wand of draining (4)
Scrolls
 d - 3 scrolls of identify
 o - a scroll of immolation
 p - 2 scrolls of teleportation
 z - a scroll of fog {unknown}
 A - 2 scrolls of remove curse
Potions
 e - a potion of mutation
 m - a potion of ambrosia
 t - a potion of brilliance
 w - 3 potions of heal wounds
 C - a potion of haste {unknown}
Books
 b - a book of Necromancy

   Spells                             Type                      Level
   a - Pain                           Necromancy                   1
   b - Animate Skeleton               Necromancy                   1
   c - Vampiric Draining              Necromancy                   3
   d - Regeneration                   Charms/Necromancy            3
   e - Animate Dead                   Necromancy                   4
   f - Control Undead                 Necromancy                   4
 q - a Fen Folio

   Spells                             Type                      Level
   a - Corpse Rot                     Necromancy                   2
   b - Stone Arrow                    Conjuration/Earth            3
   c - Leda's Liquefaction            Hexes/Earth                  4
   d - Summon Forest                  Summoning/Translocation      5
   e - Hydra Form                     Transmutation                6
   f - Summon Hydra                   Summoning                    7
 r - a book of Alchemy

   Spells                             Type                      Level
   a - Sublimation of Blood           Necromancy                   2
   b - Alistair's Intoxication        Transmutation/Poison         4
   c - Condensation Shield            Ice                          4
   d - Petrify                        Transmutation/Earth          4
   e - Ignite Poison                  Fire/Transmutation           5
   f - Irradiate                      Conjuration/Transmutation    5
Comestibles
 c - 4 bread rations
 h - a chunk of flesh
 i - 2 meat rations
 n - 7 fruits
 u - a beef jerky


   Skills:
 + Level 4.2 Fighting
 * Level 9.0 Maces & Flails
 + Level 4.1 Dodging
 - Level 1.7 Stealth
 - Level 1.7 Spellcasting
 - Level 3.6 Necromancy


You had 5 spell levels left.
You knew the following spells:

 Your Spells              Type           Power        Failure   Level  Hunger
a - Pain                  Necr           ###.         6%          1    #......
b - Regeneration          Chrm/Necr      #.........   34%         3    ###....
c - Animate Skeleton      Necr           N/A          6%          1    #......


Dungeon Overview and Level Annotations

Branches:
Dungeon (6/15)             Temple (0/1) D:4

Shops:
D:4 [:[?!


Innate Abilities, Weirdness & Mutations

Your attributes are resistant to harm.


Message History

The centaur wields a shortbow.
The centaur shoots an arrow of flame.
The arrow of flame barely misses you.
The centaur shoots an arrow of flame.
The arrow of flame closely misses you.
You see here an arrow of flame.
The centaur shoots an arrow of flame.
The arrow of flame hits you. The arrow of flame burns you.
The centaur shoots an arrow of flame.
The arrow of flame barely misses you.
You see here an arrow of flame.
The centaur shoots an arrow of flame.
The arrow of flame hits you!
* * * LOW HITPOINT WARNING * * *
The arrow of flame burns you.
* * * LOW HITPOINT WARNING * * *
You see here an arrow of flame.
The centaur unwields an uncursed shortbow.
The centaur hits you.
* * * LOW HITPOINT WARNING * * *
You barely miss the centaur. The centaur hits you!
* * * LOW HITPOINT WARNING * * *
The centaur hits you.
You die...

##..#..####...............
#...#..# ###.............
##....## #...#....####.
#>...# #..##...## #....##
#..##...# #.....##
##.####..# ##.....####..#
#..# #...##.##c..# #..#
#..####...@.# #.## Y. #..#
#....(.# #.# .Y
#..###....#(# #.# #.
#..##..##.#(# ##.## #.#
####..#..####.(# #...# ..
#.>.....## #..###.#.##.#
#####..## ##.##..#.#..#
#### #........#.#
##<.#..###.##


You could see a centaur.

Vanquished Creatures
  The ghost of McCoppin the Covert, an experienced OpFi of Cheibriados (D:4)
  2 ice beasts (D:6)
  A sky beast (D:6)
  2 ogres
  4 centaurs
  A jelly (D:6)
  A scorpion (D:4)
  4 crimson imps
  2 iguanas
  5 orc priests
  5 worker ants
  7 orc wizards
  Natasha (twice) (D:4)
  2 hound skeletons
  7 adders
  A shadow imp (D:6)
  A giant mite (D:4)
  2 worms
  2 adder zombies (D:6)
  3 giant geckos
  2 oozes (D:3)
  25 orcs
  2 ball pythons
  13 bats
  6 goblins
  14 hobgoblins
  9 jackals
  9 kobolds
  4 quokkas
  5 giant cockroaches
  5 giant newts
  12 rats
161 creatures vanquished.

Vanquished Creatures (collateral kills)
  A goliath beetle (D:4)
1 creature vanquished.

Vanquished Creatures (others)
  An ogre skeleton (D:4)
1 creature vanquished.

Grand Total: 163 creatures vanquished

Notes
Turn   | Place    | Note
--------------------------------------------------------------
     0 | D:1      | timbw, the Demigod Necromancer, began the quest for the Orb.
     0 | D:1      | Reached XP level 1. HP: 14/14 MP: 3/3
    81 | D:1      | Reached skill level 1 in Fighting
   409 | D:1      | Reached XP level 2. HP: 23/23 MP: 2/4
   800 | D:2      | Found a blossoming altar of Fedhas.
  1085 | D:2      | Reached skill level 1 in Maces & Flails
  1085 | D:2      | Reached XP level 3. HP: 16/29 MP: 0/7
  1233 | D:2      | Found a bloodstained altar of Trog.
  1293 | D:2      | Learned a level 3 spell: Regeneration
  1295 | D:2      | Learned a level 1 spell: Animate Skeleton
  1758 | D:2      | Found a deep blue altar of Sif Muna.
  1759 | D:2      | Found a shimmering altar of Xom.
  2133 | D:3      | Reached XP level 4. HP: 17/36 MP: 1/9
  2974 | D:3      | Reached skill level 4 in Maces & Flails
  2974 | D:3      | Reached XP level 5. HP: 33/41 MP: 4/10
  3484 | D:4      | Found Phaohew's Book Boutique.
  3529 | D:4      | Found Deomuary's Magic Scroll Emporium.
  3542 | D:4      | Reached skill level 5 in Maces & Flails
  3546 | D:4      | Noticed McCoppin's ghost (experienced OpFi)
  3566 | D:5      | Entered Level 5 of the Dungeon
  3641 | D:5      | Reached XP level 6. HP: 44/48 MP: 13/13
  3955 | D:5      | Reached skill level 6 in Maces & Flails
  4189 | D:5      | Reached XP level 7. HP: 51/55 MP: 10/15
  4399 | D:4      | Noticed Natasha
  4403 | D:4      | Killed Natasha
  4403 | D:4      | Reached skill level 7 in Maces & Flails
  4515 | D:4      | Found Detit's Antique Armour Shoppe.
  4525 | D:4      | Bought a pair of embroidered gloves for 108 gold pieces
  4786 | D:4      | Found a staircase to the Ecumenical Temple.
  4844 | D:4      | Found Qodwuist's Distillery.
  4847 | D:4      | Noticed an ogre
  4885 | D:4      | Killed an ogre
  5170 | D:4      | Killed McCoppin's ghost
  5170 | D:4      | Reached XP level 8. HP: 61/63 MP: 17/17
  5180 | D:4      | Reached skill level 8 in Maces & Flails
  5299 | D:4      | Found Leiblec's Armour Emporium.
  5342 | D:4      | Noticed Natasha
  5350 | D:4      | Killed Natasha
  6896 | D:6      | Reached skill level 9 in Maces & Flails
  6901 | D:6      | Slain by a centaur

Action                   |  1- 3 |  4- 6 |  7- 9 || total
-------------------------+-------+-------+-------++-------
Melee: Unarmed           |    10 |       |       ||    10
       Mace              |    81 |    77 |       ||   158
       Flail             |       |   152 |   279 ||   431
 Cast: Pain              |    54 |    47 |    16 ||   117
       Regeneration      |     3 |     7 |     5 ||    15
       Animate Skeleton  |       |       |     1 ||     1
  Use: Potion            |       |     3 |     1 ||     4
       Scroll            |       |     8 |     3 ||    11
 Stab: Sleeping          |     2 |     3 |     1 ||     6
       Distracted        |       |     1 |       ||     1
  Eat: Chunk             |     4 |    10 |     8 ||    22
       Pizza             |       |       |     2 ||     2
